 Dungeon Crawl Stone Soup version 0.23.2-1-ga50397a6bc (webtiles) character file.

Game seed: 11447662908707556265

459 NochnoyZador the Twirler (level 6, -1/44 HPs)
             Began as a Demonspawn Gladiator on May 4, 2019.
             Was an Initiate of Wu Jian.
             Slain by a centaur (6 damage)
             ... on level 5 of the Dungeon.
             The game lasted 00:10:39 (3717 turns).

NochnoyZador the Twirler (Demonspawn Gladiator)     Turns: 3717, Time: 00:10:40

Health: -1/44      AC:  6    Str: 15    XL:     6   Next: 78%
Magic:  0/6        EV: 13    Int:  9    God:    Wu Jian [......]
Gold:   150        SH:  2    Dex: 16    Spells: 5/5 levels left

rFire    . . .     SeeInvis .   a - +0 quarterstaff
rCold    . . .     Gourm    .   (shield currently unavailable)
rNeg     . . .     Faith    .   b - +0 leather armour
rPois    .         Spirit   +   (helmet restricted)
rElec    .         Reflect  +   (no cloak)
rCorr    .         Harm     .   t - +2 pair of gloves
MR       .....                  (no boots)
Stlth    +.........             c - +2 amulet of reflection
HPRegen  0.14/turn              (no ring)
MPRegen  0.10/turn              (no ring)

@: no status effects
A: antennae 1, claws 2, talons 1, magic shield
a: Renounce Religion


You were on level 5 of the Dungeon.
You worshipped Wu Jian.
Wu Jian was noncommittal.
You were not hungry.

You visited 1 branch of the dungeon, and saw 5 of its levels.

You collected 150 gold pieces.

Inventory:

Hand Weapons
 a - a +0 quarterstaff (weapon)
Missiles
 d - 4 throwing nets
 s - 134 stones
 v - 16 tomahawks (quivered)
Armour
 b - a +0 leather armour (worn)
 n - a +0 large shield
 p - a +2 helmet
 t - a +2 pair of gloves (worn)
 x - a +3 scale mail
Jewellery
 c - a +2 amulet of reflection (around neck)
Wands
 u - a wand of acid (15)
 A - a wand of polymorph (7)
Scrolls
 g - a scroll of blinking {unknown}
 h - 6 scrolls of identify {unknown}
 i - a scroll of magic mapping {unknown}
 j - a scroll of remove curse {unknown}
 k - 2 scrolls of teleportation {unknown}
 y - a scroll of fear {unknown}
Potions
 e - 3 potions of curing
 l - 3 potions of mutation {unknown}
 m - a potion of flight {unknown}
 o - 3 potions of cancellation {unknown}
 q - a potion of might {unknown}
 r - 2 potions of degeneration {unknown}
 z - 2 potions of ambrosia {unknown}
Comestibles
 f - 4 rations


   Skills:
 - Level 2.0 Fighting
 + Level 7.1 Staves
 - Level 1.7 Throwing
 - Level 2.6 Dodging


You had 5 spell levels left.
You didn't know any spells.
Your spell library was empty.

Dungeon Overview and Level Annotations

Branches:
Dungeon (5/15)             Temple (0/1) D:4

Altars:
Fedhas
Gozag
Wu Jian
Yredelemnul

Annotations:
D:4 3 runed translucent doors, Abelaar's ghost, amateur OgWz; MajorAdolf's ghost, amateur NaWn; Thargor's ghost, amateur GnGl
D:5 Prince Ribbit; Sigmund


Innate Abilities, Weirdness & Mutations

You have a pair of small antennae on your head.
You have very sharp fingernails.
You have sharp toenails.
When hurt, damage is shared between your health and your magic reserves.


Message History

The centaur closely misses you.
Sigmund hits you from afar with a +0 scythe.
The centaur hits you but does no damage.
The centaur hits you!
* * * LOW HITPOINT WARNING * * *
The centaur hits you.
* * * LOW HITPOINT WARNING * * *
Sigmund misses you.
You feel less confused. The centaur barely misses you.
The centaur completely misses you. Sigmund hits you with a +0 scythe.
* * * LOW HITPOINT WARNING * * *
You hit Sigmund. You claw Sigmund.
Sigmund is severely wounded.
The centaur hits you but does no damage.
You barely miss Sigmund. You claw Sigmund.
Sigmund is almost dead.
The centaur closely misses you. Sigmund closely misses you.
The centaur hits you.
You die...

....... #.....$ . ......####
#......###.
....####....##.#[##?.#.....#...
.......<............##.........
###.....[.......... ..........
#.........#.....#####.........
...@.......#......##...........
........##...#..c@............
.........#...#..@.........#..
..[..#.................)###
F...###....###..........#
#...%.......## ##............#
.........#....# ............#.#
# #..............# .#
............#....#


You could see Sigmund and a centaur.

Vanquished Creatures
  An ogre (D:4)
  A scorpion (D:4)
  A howler monkey (D:5)
  2 orc wizards (D:3)
  2 worker ants
  2 hound skeletons (D:4)
  8 adders
  2 dart slugs
  2 leopard geckos (D:1)
  11 orcs
  2 ball pythons
  A giant cockroach (D:1)
  5 goblins
  7 hobgoblins
  8 jackals
  5 kobolds
  2 quokkas (D:3)
  9 bats
  5 frilled lizards
  A jackal skeleton (D:4)
  7 rats
84 creatures vanquished.

Vanquished Creatures (others)
  3 withered plants (D:4)
3 creatures vanquished.

Grand Total: 87 creatures vanquished

Notes
Turn   | Place    | Note
-------+----------+-------------------------------------------
     0 | D:1      | NochnoyZador the Demonspawn Gladiator began the quest for
                  | the Orb.
     0 | D:1      | Reached XP level 1. HP: 16/16 MP: 1/1
    30 | D:1      | Reached skill level 3 in Staves
   155 | D:1      | Gained mutation: You have sharp fingernails. [demonic
                  | ancestry]
   155 | D:1      | Reached XP level 2. HP: 17/22 MP: 2/2
   745 | D:2      | Gained mutation: You have very sharp fingernails. [demonic
                  | ancestry]
   745 | D:2      | Reached XP level 3. HP: 23/27 MP: 3/3
   867 | D:2      | Reached skill level 4 in Staves
  1307 | D:3      | Gained mutation: You have sharp toenails. [demonic
                  | ancestry]
  1307 | D:3      | Reached XP level 4. HP: 6/33 MP: 4/4
  1961 | D:3      | Reached skill level 5 in Staves
  2300 | D:4      | Found an opulent altar of Gozag.
  2300 | D:4      | Found an ornate altar of the Wu Jian Council.
  2300 | D:4      | Found a basalt altar of Yredelemnul.
  2307 | D:4      | Became a worshipper of the Wu Jian Council
  2363 | D:4      | Gained mutation: You have a pair of small antennae on your
                  | head. [demonic ancestry]
  2363 | D:4      | Reached XP level 5. HP: 31/38 MP: 5/5
  2453 | D:4      | Found a staircase to the Ecumenical Temple.
  2812 | D:3      | Reached skill level 6 in Staves
  2840 | D:3      | Gained mutation: When hurt, damage is shared between your
                  | health and your magic reserves. [demonic ancestry]
  2840 | D:3      | Reached XP level 6. HP: 44/44 MP: 6/6
  3232 | D:4      | Found a runed translucent gate.
  3232 | D:4      | Found a runed translucent gate.
  3233 | D:4      | Found a runed translucent gate.
  3235 | D:4      | Noticed MajorAdolf's ghost (amateur NaWn)
  3235 | D:4      | Noticed Abelaar's ghost (amateur OgWz)
  3235 | D:4      | Noticed Thargor's ghost (amateur GnGl)
  3334 | D:4      | Found a blossoming altar of Fedhas.
  3654 | D:5      | Entered Level 5 of the Dungeon
  3654 | D:5      | Noticed Sigmund
  3655 | D:5      | Noticed Prince Ribbit
  3698 | D:5      | Reached skill level 7 in Staves
  3717 | D:5      | Slain by a centaur

Skill      XL: |  1  2  3  4  5  6 |
---------------+-------------------+-----
Staves         | 3 4 5 6 7 |  7.1
Fighting       | |  2.0
Throwing       | |  1.7
Dodging        | |  2.6

Action                   |  1- 3 |  4- 6 || total
-------------------------+-------+-------++-------
Melee: Quarterstaff      |   110 |   158 ||   268
       Kick              |       |    42 ||    42
Invok: Lunge             |       |     4 ||     4
 Stab: Sleeping          |       |     1 ||     1
  Eat: Chunk             |     1 |     8 ||     9
Armor: Leather armour    |    20 |    50 ||    70
Dodge: Dodged            |    64 |   111 ||   175
Block: Other             |     4 |     5 ||     9
